 Dungeon Crawl Stone Soup version 0.25-a0-435-g4b9beb1024 (webtiles) character file.

Game seed: 15519447129579984432, levelgen mode: deterministic

826 ChaosChampion the Sneak (level 7, -8/45 HPs)
             Began as an Octopode Transmuter on Jan 29, 2020.
             Was an Initiate of Cheibriados.
             Mangled by an ogre
             ... wielding a +0 giant club
              (20 damage)
             ... on level 5 of the Dungeon.
             The game lasted 00:13:25 (4099 turns).

ChaosChampion the Sneak (Octopode Transmuter)       Turns: 4099, Time: 00:13:26

Health: -8/45      AC:  1    Str: 18    XL:     7   Next: 96%
Magic:  4/12       EV: 14    Int: 19    God:    Cheibriados [......]
Gold:   130        SH:  0    Dex: 11    Spells: 7/13 levels left

rFire    . . .     SeeInvis .   j - +3 mace of Rotation {flame, MR+ Str+8 Dex-2}
rCold    . . .     Gourm    .   (no shield)
rNeg     . . .     Faith    .   (helmet restricted)
rPois    .         Spirit   .   (no amulet)
rElec    .         Reflect  .   (no ring)
rCorr    .         Harm     .   (no ring)
MR       +....                  (no ring)
Stlth    ++++......             (no ring)
HPRegen  0.15/turn              (no ring)
MPRegen  0.13/turn              (no ring)
                                (no ring)
                                (no ring)

@: very slightly contaminated, slow
A: almost no armour, stealthy swim, amphibious, 8 rings, constrict 8, camouflage
1, gelatinous body 1
a: Bend Time, Renounce Religion


You were on level 5 of the Dungeon.
You worshipped Cheibriados.
Cheibriados was noncommittal.
You were not hungry.

You visited 2 branches of the dungeon, and saw 6 of its levels.

You collected 226 gold pieces.
You spent 96 gold pieces at shops.

Inventory:

Hand Weapons
 j - the +3 mace of Rotation (weapon) {flame, MR+ Str+8 Dex-2}
   (You found it on level 4 of the Dungeon)

   It has been specially enchanted to burn those struck by it, causing extra
   injury to most foes and up to half again as much damage against particularly
   susceptible opponents.
   It affects your strength (+8).
   It affects your dexterity (-2).
   It affects your resistance to hostile enchantments.
Missiles
 a - 32 arrows
 d - 25 bolts
 i - 8 javelins (quivered)
 k - 5 atropa-tipped darts
Scrolls
 b - 7 scrolls of teleportation
 l - a scroll of blinking
Potions
 e - a potion of ambrosia
 g - a potion of haste {unknown}
 m - a potion of agility
 o - a potion of magic
 p - a potion of flight {unknown}
 q - a potion of curing
 r - a potion of might
 s - 2 potions of lignification
Comestibles
 c - 6 rations


   Skills:
 + Level 2.7 Fighting
 + Level 3.3 Dodging
 * Level 5.2 Stealth
 * Level 4.8 Unarmed Combat
 * Level 3.9 Spellcasting
 * Level 4.2 Transmutations


You had 7 spell levels left.
You knew the following spells:

 Your Spells              Type           Power        Failure   Level  Hunger
a - Beastly Appendage     Tmut           ###...       2%          1    None
b - Sticks to Snakes      Tmut           ###.....     3%          2    ##.....
c - Spider Form           Tmut/Pois      ##........   17%         3    ###....

Your spell library contained the following spells:

 Spells                   Type           Power        Failure   Level  Hunger
 Ice Form                 Ice/Tmut       ##......     50%         4    ####...
 Blade Hands              Tmut           ###.......   54%         5    ######.


Dungeon Overview and Level Annotations

Branches:
Dungeon (5/15)             Temple (1/1) D:5

Altars:
Ashenzari
Cheibriados
Dithmenos
Elyvilon
Fedhas
Gozag
Hepliaklqana
Kikubaaqudgha
Makhleb
Okawaru
Qazlal
Ru
Sif Muna
Trog
Uskayaw
Vehumet
Wu Jian
Xom
Yredelemnul
Zin
The Shining One

Shops:
D:4 !


Innate Abilities, Weirdness & Mutations

You cannot wear most types of armour.
You are very stealthy in the water. (Stealth+)
You are amphibious.
You can wear up to eight rings at the same time.
You can use your tentacles to constrict eight enemies at once.
Your skin changes colour to match your surroundings (Stealth+).
Your rubbery body absorbs attacks. (AC +1, EV +1)


Message History

The +3 mace of Rotation {flame, MR+ Str+8 Dex-2} bursts into flame!
Casting: Spider Form (safe; 17% risk of failure)
Confirm with . or Enter, or press ? or * to list all spells.
You miscast Sticks to Snakes.
You are very lightly contaminated with residual magic.
Nothing appears to happen.
The ogre misses you.
Casting: Sticks to Snakes (safe; 3% risk of failure)
Confirm with . or Enter, or press ? or * to list all spells.
You create a snake!
You now have 33 arrows.
The ogre barely misses you.
Throwing (i - inventory. (/) - cycle)
i - 8 javelins (quivered)
Press: ? - help, Shift-Dir - straight line, f - ogre
Aim: an ogre, wielding a +0 giant club
Okay, then.
Your ball python barely misses the ogre.
Your ball python bites the ogre.
Casting: Sticks to Snakes (safe; 3% risk of failure)
Confirm with . or Enter, or press ? or * to list all spells.
You create a snake!
You now have 32 arrows.
The ogre hits you with a +0 giant club!!
You die...

#.# #........####### #.#
#)##...........# #.#
#..#...........# #.#
#.#...........#
#.########..........)..#
#.........#..###.......#
#########.#..###.#.#####
#.#..#S.......#
#.#=.#..@.....#
#.#..#..O.....#
#.#..#.S......#
#....#........#
#.............#
#............>#
#......#.######
#......#.# .....#.#.#


You could see an ogre and 2 friendly ball pythons.

Vanquished Creatures
  2 ogres
  2 centaurs (D:5)
  2 howler monkeys (D:4)
  A crimson imp (D:5)
  A bullfrog zombie (D:5)
  2 hounds
  An orc wizard (D:4)
  A centaur skeleton (D:4)
  3 worker ants
  6 adders
  3 oozes
  5 worms
  4 dart slugs
  4 leopard geckos
  2 orcs (D:4)
  2 giant cockroaches
  5 hobgoblins
  5 jackals (D:4)
  3 quokkas (D:3)
  2 ball pythons (D:1)
  10 bats
  6 frilled lizards
  7 goblins
  7 kobolds
  A leopard gecko skeleton (D:5)
  A quokka skeleton (D:5)
  6 rats
94 creatures vanquished.

Vanquished Creatures (collateral kills)
  An orc (D:4)
  A hobgoblin (D:1)
  2 jackals (D:4)
4 creatures vanquished.

Grand Total: 98 creatures vanquished

Notes
Turn   | Place    | Note
-------+----------+-------------------------------------------
     0 | D:1      | ChaosChampion the Octopode Transmuter began the quest for
                  | the Orb.
     0 | D:1      | Reached XP level 1. HP: 13/13 MP: 3/3
   144 | D:1      | Reached XP level 2. HP: 7/18 MP: 3/5
   149 | D:1      | Reached skill level 1 in Stealth
   153 | D:1      | Learned a level 2 spell: Sticks to Snakes
   629 | D:1      | Reached XP level 3. HP: 23/23 MP: 4/6
   634 | D:1      | Learned a level 3 spell: Spider Form
  1078 | D:2      | Reached skill level 2 in Stealth
  1078 | D:2      | Reached XP level 4. HP: 27/28 MP: 2/7
  2168 | D:3      | Reached XP level 5. HP: 33/33 MP: 1/8
  2477 | D:4      | Reached skill level 3 in Stealth
  2761 | D:4      | Reached XP level 6. HP: 38/39 MP: 6/10
  3067 | D:4      | Found Eloepun's Distillery.
  3070 | D:4      | Bought a potion of heal wounds for 60 gold pieces
  3070 | D:4      | Bought a potion of curing for 36 gold pieces
  3197 | D:4      | Got a translucent mace
  3249 | D:4      | Identified the +3 mace of Rotation {flame, MR+ Str+8 Dex-2}
                  | (You found it on level 4 of the Dungeon)
  3260 | D:4      | Reached skill level 4 in Stealth
  3319 | D:4      | Reached XP level 7. HP: 45/45 MP: 7/12
  3412 | D:5      | Entered Level 5 of the Dungeon
  3666 | D:5      | Found a staircase to the Ecumenical Temple.
  3855 | Temple   | Entered the Ecumenical Temple
  3861 | Temple   | Became a worshipper of Cheibriados the Contemplative
  4044 | D:5      | Reached skill level 5 in Stealth
  4075 | D:5      | HP: 1/45 [centaur (9)]
  4099 | D:5      | Mangled by an ogre

Levels and vault maps discovered:
D:1:      scummos_arrival_simple_fountains, layout_loops_ring
D:2:      layout_loops_corners, first_ration
D:3:      layout_rooms
D:4:      cheibrodos_quashed, layout_cave_pools, serial_shops, shop,
          grunt_ministairs_3, minmay_door_square
D:5:      layout_basic, minmay_temple_entry_mist
Temple:   dpeg_three_leaves_temple

Skill      XL: |  1  2  3  4  5  6  7 |
---------------+----------------------+-----
Stealth        | 1 2 3 4 5 |  5.2
Transmutations | 3 4 |  4.2
Fighting       | 2 |  2.7
Unarmed Combat | 4 |  4.8
Spellcasting   | 3 |  3.9
Dodging        | 3 |  3.3

Action                   |  1- 3 |  4- 6 |  7- 9 || total
-------------------------+-------+-------+-------++-------
Melee: Unarmed           |    80 |   152 |    29 ||   261
       Constrict         |    15 |    18 |     6 ||    39
       Kick              |     6 |     3 |     1 ||    10
       Tentacles         |     6 |     9 |     4 ||    19
       Punch             |       |     1 |       ||     1
       Mace              |       |     1 |    31 ||    32
Throw: Javelin           |       |       |     3 ||     3
 Cast: Beastly Appendage |    12 |     3 |     1 ||    16
       Sticks to Snakes  |     2 |    11 |     4 ||    17
       Spider Form       |     6 |    17 |     5 ||    28
  Use: Potion            |     1 |     2 |     3 ||     6
       Scroll            |       |    13 |     2 ||    15
 Stab: Sleeping          |     6 |    12 |     4 ||    22
  Eat: Chunk             |     1 |     7 |     4 ||    12
       Ration            |       |     1 |       ||     1
Armor: Skin              |     6 |    13 |     4 ||    23
Dodge: Dodged            |    40 |   110 |    58 ||   208

Table legend:
 A = Non-vault XP
 B = Vault XP
 C = Vault XP percentage of total XP
 D = Non-vault monster count
 E = Vault monster count
 F = Vault count percentage of total count
                 A         B        C        D         E       F
            +---------+---------+-------+---------+---------+-------
      Total |    1014 |     167 |  14.1 |      96 |       2 |   2.0
            +---------+---------+-------+---------+---------+-------
        D:1 |      34 |       0 |   0.0 |      23 |       0 |   0.0
        D:2 |      81 |       0 |   0.0 |      20 |       0 |   0.0
        D:3 |      94 |       0 |   0.0 |      26 |       0 |   0.0
        D:4 |     247 |     167 |  40.3 |      16 |       2 |  11.1
        D:5 |     558 |       0 |   0.0 |      11 |       0 |   0.0
            +---------+---------+-------+---------+---------+-------
